Map: Odyssey LE

Players

Yata

  • Race: Zerg Zerg
  • League: Bronze
  • Spawn Location: 11:00

yepperoni - Winner!

  • Race: Terran Terran
  • League: Silver
  • Spawn Location: 5:00

VOD

Have the link to the VOD?

Description

Time

  • Played on: July 7, 2017, 3:18 p.m.
  • Length: 14:07
Show
View Real Time Build Order
Export as new Build Order

Yata Zerg 

Build Orders: Hatch First 

Get SALT Encoding   

  12  0:01  Drone  
  13  0:13  Overlord  
  13  0:22  Drone  
  14  0:32  Drone x2  
  16  0:36  Drone  
  17  0:54  Hatchery  
  16  0:57  Drone  
  16  1:01  Drone  
  18  1:07  Extractor  
  17  1:18  Spawning Pool  
  16  1:21  Drone  
  17  1:32  Drone x2  
  19  1:40  Overlord  
  19  1:51  Drone  
  20  2:08  Metabolic Boost  
  20  2:15  Zergling x4  
  21  2:24  Drone x3  
  21  2:29  Queen x2  
  28  2:43  Drone  
  28  2:44  Drone x2  
  30  2:55  Zergling x2  
  31  3:04  Zergling x4  
  33  3:11  Queen  
  35  3:13  Drone  
  35  3:15  Overlord  
  35  3:16  Overlord  
  35  3:54  Drone x5  
  38  4:07  Roach Warren  
  37  4:13  Drone x2  
  37  4:14  Drone  
  40  4:19  Extractor  
  40  4:23  Extractor  
  38  4:25  Extractor  
  37  4:45  Overlord x4  
  37  4:57  Baneling Nest  
  36  5:06  Zergling x2  
  37  5:07  Zergling x18  
  46  5:14  Overlord x2  
  46  5:20  Pneumatized Carapace  
  46  5:24  Lair  
  46  5:45  Drone  
  46  5:46  Drone x4  
  46  5:47  Drone x5  
  56  6:21  Queen  
  58  6:27  Hatchery  
  58  6:29  Spire  
  56  6:45  Evolution Chamber x2  
  44  7:09  Roach x6  
  44  7:10  Roach x13  
  82  7:30  Zerg Missile Weapons Level 1  
  82  7:41  Infestation Pit  
  82  7:43  Mutalisk  
  83  7:44  Mutalisk x6  
  95  8:03  Zerg Flyer Weapons Level 1  
  95  8:11  Roach  
  85  8:39  Queen  
  85  8:41  Queen  
  87  8:47  Drone x9  
  98  8:50  Overlord x5  
  96  9:22  Drone  
  96  9:23  Drone x11  
  108  9:56  Roach x10  
  108  9:57  Zerg Flyer Armor Level 1  
  128  10:01  Zerg Missile Weapons Level 2  
  120  10:30  Roach  
  120  10:31  Roach x8  
  120  10:34  Overlord  
  120  10:35  Overlord x2  
  134  11:10  Roach  
  134  11:11  Roach x8  
  152  11:17  Overlord  
  152  11:48  Ravager x6  
  152  11:49  Ravager x5  
  163  12:07  Overlord x7  
  163  12:08  Overlord  
  62  12:48  Roach  
  62  12:49  Roach x10  
  71  13:09  Roach  
  71  13:10  Roach x4  
  81  13:19  Roach  
Show
View Real Time Build Order
Export as new Build Order

yepperoni Terran - Winner!

Build Orders: MMM Bio 

Get SALT Encoding   

  12  0:01  SCV  
  13  0:13  SCV  
  14  0:18  Supply Depot  
  14  0:25  SCV  
  15  0:39  SCV  
  15  0:41  Barracks  
  16  0:48  Refinery  
  16  0:51  SCV  
  17  1:03  SCV  
  18  1:15  SCV  
  19  1:28  SCV  
  20  1:35  Reaper  
  20  1:36  Command Center  
  21  1:46  Orbital Command  
  21  1:57  Barracks  
  21  2:07  Supply Depot  
  21  2:21  SCV  
  22  2:28  Barracks Reactor  
  22  2:33  SCV  
  23  2:45  SCV  
  23  2:49  Refinery  
  24  2:52  Barracks Tech Lab  
  24  3:00  Factory, SCV  
  24  3:02  Orbital Command  
  25  3:18  Marine  
  25  3:19  Marine x2  
  28  3:21  Stimpack  
  28  3:36  Marine  
  28  3:37  Marine x2  
  31  4:03  Marine x2  
  31  4:04  Marine  
  31  4:07  Factory Reactor  
  34  4:10  Starport  
  34  4:17  Barracks, SCV  
  34  4:18  SCV  
  34  4:21  Marine x3  
  39  4:29  SCV  
  39  4:30  SCV  
  41  4:39  Marine x2  
  41  4:41  SCV  
  41  4:42  Marine  
  45  4:57  Marine  
  46  5:01  Supply Depot  
  46  5:04  Supply Depot  
  46  5:13  Supply Depot  
  46  5:20  Barracks Reactor  
  46  5:23  Medivac x2, Marine x3  
  53  5:40  Marine x2  
  55  5:56  Marine  
  56  5:58  Marine x2  
  56  5:59  Marine x2  
  60  6:11  Supply Depot  
  60  6:13  Marine  
  60  6:15  Supply Depot  
  60  6:16  Marine x2  
  60  6:17  Marine x2  
  65  6:31  Marine  
  66  6:34  Marine x2, Marauder  
  66  6:35  Marine  
  71  6:45  Supply Depot  
  71  6:46  Bunker  
  71  6:56  Marauder  
  73  7:05  Marine x4  
  77  7:21  Engineering Bay  
  77  7:38  Marine  
  77  7:39  Marine x4  
  77  7:44  Supply Depot  
  82  7:45  SCV x2  
  82  7:50  Terran Infantry Weapons Level 1  
  84  7:51  Combat Shields  
  84  7:56  Marine x2  
  84  7:57  SCV x2, Marine x3  
  91  7:59  Medivac  
  91  8:01  Factory Tech Lab  
  91  8:05  Medivac  
  95  8:08  Supply Depot  
  95  8:09  SCV x2  
  96  8:21  SCV x2  
  88  8:42  Marine x3  
  88  8:43  Marine x2  
  89  8:57  Barracks  
  89  9:00  Marine  
  89  9:01  Marauder  
  85  9:08  Missile Turret  
  79  9:11  Missile Turret  
  76  9:23  SCV x2, Marauder  
  77  9:35  SCV x2  
  79  9:43  Missile Turret  
  79  9:44  Marauder  
  81  9:47  SCV, Marine x2, Missile Turret  
  81  9:48  Marine x2, SCV  
  87  10:00  SCV x2  
  87  10:05  Marine  
  88  10:18  Missile Turret  
  88  10:20  SCV x2  
  90  10:23  Marine x4  
  94  10:32  SCV x2  
  94  10:35  Terran Infantry Armor Level 1  
  96  10:44  Armory, SCV x2  
  98  10:56  SCV x2  
  100  11:19  Marine x5  
  100  11:20  Sensor Tower  
  100  11:23  Siege Tank  
  108  11:33  Missile Turret  
  108  11:38  Marauder  
  110  11:41  Factory  
  110  11:56  Missile Turret  
  110  12:14  Supply Depot  
  110  12:18  Missile Turret  
  110  12:28  Marine x3  
  110  12:29  Marine  
  110  12:31  Marauder  
  110  12:32  Siege Tank  
  85  12:52  Marine x5  
  90  12:58  Command Center  
  90  13:02  Factory Tech Lab  
  90  13:04  Siege Tank  
  93  13:06  Barracks Reactor  
  93  13:10  Marine x5  
  98  13:27  Marine  
  98  13:28  Marine  
  97  13:40  Marine x3  
  100  13:45  Marine x2  
Tags
 
Composition
MMM Bio
Matchup
TvZ
Replay Pack
Pack 1
Spawn Locations
Cross Positions
Add a new tag
Caveats
  • Supply blocks, unpowered buildings, or Contaminate may cause inaccurate times.
  • Supply counts are checked every 10 seconds.